 Dungeon Crawl Stone Soup version 0.28.0-49-g6dfe1f597d (webtiles) character file.

Game seed: 12240845590547174074

8283 Atelerd the Thaumaturge (level 11, -15/64 HPs)
             Began as an Octopode Earth Elementalist on May 16, 2022.
             Was a Believer of Sif Muna.
             Killed from afar by an ogre mage (33 damage)
             ... with a bolt of magma
             ... on level 9 of the Dungeon.
             The game lasted 00:26:16 (13789 turns).

Atelerd the Thaumaturge (OpEE)                     Turns: 13789, Time: 00:26:16

Health: -15/64     AC:  4    Str: 14    XL:     11   Next: 28%
Magic:  11/25      EV: 17    Int: 19    God:    Sif Muna [**....]
Gold:   719        SH:  5    Dex: 11    Spells: 18/30 levels left

rFire   . . .      SeeInvis .   J - +2 dagger (venom)
rCold   . . .      Faith    .   (no shield)
rNeg    . . .      Spirit   .   r - +0 hat
rPois   +          Reflect  +   H - amulet of reflection
rElec   .          Harm     .   f - ring of wizardry
rCorr   .          Rampage  .   m - ring of poison resistance
Will    .....                   y - +6 ring of strength
Stlth   ++++......              D - +4 ring of evasion
HPRegen 0.20/turn               (no ring)
MPRegen 0.19/turn               (no ring)
                                (no ring)
                                (no ring)

@: no status effects
A: almost no armour, amphibious, 8 rings, camouflage 1, gelatinous body 1,
(nimble swimmer 1), tentacles, iridescent scales 1, clumsy 1, dopey 1, shaggy
fur 1
a: Renounce Religion, Channel Magic


You were on level 9 of the Dungeon.
You worshipped Sif Muna.
Sif Muna was pleased with you.
You visited 2 branches of the dungeon, and saw 12 of its levels.

You collected 719 gold pieces.

Inventory:

Hand Weapons
 x - a +1 dagger of freezing
 J - a +2 dagger of venom (weapon)
Missiles
 q - 56 stones
 F - a throwing net
Armour
 r - a +0 hat (worn)
 G - a +0 buckler
Jewellery
 d - an amulet of faith
 f - a ring of wizardry (left tentacle)
 g - an amulet of magic regeneration
 m - a ring of poison resistance (right tentacle)
 s - an amulet of regeneration
 y - a +6 ring of strength (on tentacle)
 D - a +4 ring of evasion (on tentacle)
 H - an amulet of reflection (around mantle)
Wands
 v - a wand of flame (48)
 I - a wand of polymorph (6)
Scrolls
 c - 3 scrolls of teleportation
 h - a scroll of holy word
 k - a scroll of blinking {unknown}
 p - 2 scrolls of immolation
 t - 2 scrolls of vulnerability
 u - 2 scrolls of fog
 w - a scroll of enchant armour {unknown}
 z - a scroll of fear {unknown}
 B - 4 scrolls of identify
 C - 2 scrolls of enchant weapon {unknown}
 E - a scroll of silence
 K - a scroll of magic mapping {unknown}
 M - a scroll of amnesia {unknown}
Potions
 a - 2 potions of cancellation {unknown}
 b - 2 potions of attraction
 e - a potion of brilliance {unknown}
 i - a potion of resistance {unknown}
 j - a potion of might {unknown}
 l - 3 potions of flight
 n - 5 potions of curing
 o - a potion of mutation
 A - a potion of haste
 L - a potion of degeneration {unknown}


   Skills:
 - Level 2.0 Fighting
 - Level 2.0 Short Blades
 - Level 2.0 Dodging
 - Level 6.1 Stealth
 - Level 0.5 Unarmed Combat
 * Level 10.0 Spellcasting
 - Level 2.0 Conjurations
 - Level 5.0 Transmutations
 - Level 2.0 Ice Magic
 - Level 8.0 Earth Magic
 - Level 9.0 Invocations


You had 18 spell levels left.
You knew the following spells:

 Your Spells              Type           Power      Damage    Failure   Level
a - Sandblast             Erth           78%        2d17      1%          1
b - Hailstorm             Conj/Ice       17%        3d6       13%         4
p - Petrify               Tmut/Erth      34%        N/A       1%          4
r - Stone Arrow           Conj/Erth      56%        3d10      1%          3

Your spell library contained the following spells:

 Spells                   Type           Power      Damage    Failure   Level
 Passwall                 Tmut/Erth      28%        N/A       1%          2
 Corpse Rot               Necr/Air       18%        N/A       4%          2
 Poisonous Vapours        Pois/Air       18%        N/A       4%          2
 Ice Form                 Ice/Tmut       22%        N/A       7%          4
 Summon Guardian Golem    Hex/Summ       9%         N/A       9%          3
 Simulacrum               Ice/Necr       6%         N/A       95%         6
 Orb of Destruction       Conj           8%         9d6       100%        7
 Spellforged Servitor     Conj/Summ      6%         N/A       100%        7


Dungeon Overview and Level Annotations

Branches:
Dungeon (11/15)            Temple (1/1) D:4            Lair (0/6) D:8
    Orc: D:9-12

Altars:
Ashenzari
Cheibriados
Elyvilon
Fedhas
Gozag
Hepliaklqana
Makhleb
Okawaru
Qazlal
Ru
Sif Muna
Uskayaw
Wu Jian
Xom
Yredelemnul
The Shining One

Shops:
D:2 [   D:8 (

Annotations:
D:3 3 runed translucent doors, exclusion: downstairs, Tali's ghost, amateur DsBe
D:5 exclusion: downstairs
D:8 exclusion: downstairs
D:11 Fannar


Innate Abilities, Weirdness & Mutations

You cannot wear most types of armour.
You are amphibious.
You can wear up to eight rings at the same time.
Your skin changes colour to match your surroundings (Stealth+).
Your rubbery body absorbs attacks. (AC +1, EV +1)
((You are camouflaged when in or above water. (Stealth+)))
You have tentacles for arms and can constrict up to eight enemies at once.
You are partially covered in iridescent scales. (AC +2)
You are clumsy. (Dex -2)
You are dopey. (Int -2)
You are covered in fur. (AC +1)


Message History

The blast of sand hits something.
Unknown command.
Casting: Sandblast (safe; 1% risk of failure)
Confirm with . or Enter, or press ? or * to list all spells.
Aiming: Sandblast (safe; 1% risk of failure)
Press: ? - help, Shift-Dir - straight line The blast of sand hits something!!
Unknown command.
Casting: Sandblast (safe; 1% risk of failure)
Confirm with . or Enter, or press ? or * to list all spells.
Aiming: Sandblast (safe; 1% risk of failure)
Press: ? - help, Shift-Dir - straight line The blast of sand hits something.
Unknown command.
Casting: Sandblast (safe; 1% risk of failure)
Confirm with . or Enter, or press ? or * to list all spells.
Aiming: Sandblast (safe; 1% risk of failure)
Press: ? - help, Shift-Dir - straight line The blast of sand hits something!
Unknown command.
Casting: Sandblast (safe; 1% risk of failure)
Confirm with . or Enter, or press ? or * to list all spells.
Aiming: Sandblast (safe; 1% risk of failure)
Press: ? - help, Shift-Dir - straight line The blast of sand hits something!
You block something's attack.
Unknown command.
Casting: Sandblast (safe; 1% risk of failure)
Confirm with . or Enter, or press ? or * to list all spells.
Aiming: Sandblast (safe; 1% risk of failure)
Press: ? - help, Shift-Dir - straight line The blast of sand hits something!
Something hits you!
Unknown command.
Something hits you!
* * * LOW HITPOINT WARNING * * *
Your magical contamination has completely faded away.
You hear some strange, mumbled words.
A bolt of magma appears from out of thin air!
The bolt of magma hits you!!
Ouch! That really hurt!
You die...

#.........................#
#.........................#
##........................#
#..........8.8.8.8........#######
##..............................#
....##.....#......{..........#.##
..................#..........#..#
...##....##.#...................#
######....####..@..#.....>####..#
#..#..#....##..#.......####.#
##.#..#..####....##.#...##...
#........).#........##.......
##............##..#..#.######
###....8...#.##......##
#.......#...#.....##
##.######........## ###
#.........#


There were no monsters in sight!

Vanquished Creatures
  A boulder beetle (D:11)
  A two-headed ogre (D:9)
  A cyclops (D:8)
  2 komodo dragons
  A slime creature (D:8)
  A meliai zombie (D:10)
  6 yaks
  2 shadows
  2 wraiths
  Grum (D:8)
  Menkaure (D:7)
  Duvessa (D:7)
  A water moccasin (D:5)
  4 orc warriors
  4 ice beasts
  5 ogres
  3 sky beasts
  2 necrophages
  2 wolves (D:8)
  2 centaurs
  A phantom (D:7)
  3 kobold brigands
  3 bullfrogs (D:8)
  A gnoll sergeant (D:10)
  A scorpion (D:8)
  Dowan (D:7)
  2 howler monkeys
  2 centaur zombies
  A jelly (D:5)
  A bullfrog zombie (D:6)
  4 hounds
  6 orc priests
  A gnoll shaman (D:7)
  4 iguanas
  6 orc wizards
  A howler monkey zombie (D:8)
  16 gnolls
  5 adders
  2 river rats (D:5)
  A shadow imp (D:7)
  A worm (D:2)
  3 dart slugs
  19 orcs
  4 ball pythons
  5 bats
  6 endoplasms
  4 giant cockroaches
  7 goblins
  9 hobgoblins
  2 jackals (D:1)
  18 kobolds
  5 quokkas
  10 frilled lizards
  11 rats
209 creatures vanquished.

Vanquished Creatures (others)
  3 fungi (D:8)
  9 plants
12 creatures vanquished.

Grand Total: 221 creatures vanquished

Notes
Turn   | Place    | Note
-------+----------+-------------------------------------------
     0 | D:1      | Atelerd the Octopode Earth Elementalist began the quest for
                  | the Orb.
     0 | D:1      | Reached XP level 1. HP: 11/11 MP: 3/3
   219 | D:1      | Reached XP level 2. HP: 14/17 MP: 0/5
   674 | D:1      | Reached XP level 3. HP: 17/21 MP: 2/6
  1630 | D:2      | Found Iwik Gen's Antique Armour Boutique.
  1865 | D:2      | Reached XP level 4. HP: 27/27 MP: 6/8
  2243 | D:3      | Found a runed translucent gate.
  2271 | D:3      | Noticed Tali's ghost (amateur DsBe)
  2274 | D:3      | Found a runed translucent gate.
  2274 | D:3      | Found a runed translucent gate.
  2428 | D:3      | Learned a level 4 spell: Petrify
  3189 | D:3      | Reached XP level 5. HP: 31/31 MP: 9/9
  3233 | D:4      | Noticed a necrophage
  3240 | D:3      | Killed a necrophage
  3241 | D:3      | Reached skill level 3 in Spellcasting
  3322 | D:4      | Found a staircase to the Ecumenical Temple.
  3342 | D:3      | Learned a level 3 spell: Stone Arrow
  3685 | D:4      | Reached XP level 6. HP: 36/36 MP: 0/10
  4013 | D:4      | Noticed a necrophage
  4018 | D:4      | Killed a necrophage
  4019 | D:4      | Reached skill level 5 in Stealth
  4345 | D:4      | Reached XP level 7. HP: 41/41 MP: 12/12
  4494 | Temple   | Entered the Ecumenical Temple
  4574 | Temple   | Became a worshipper of Sif Muna the Loreminder
  4607 | D:5      | Entered Level 5 of the Dungeon
  5188 | D:5      | Reached skill level 1 in Short Blades
  5191 | D:5      | Reached skill level 1 in Fighting
  5215 | D:5      | Reached skill level 1 in Invocations
  5488 | D:5      | Reached skill level 4 in Spellcasting
  5488 | D:5      | Reached skill level 5 in Earth Magic
  5488 | D:5      | Reached XP level 8. HP: 40/48 MP: 1/14
  5675 | D:5      | Reached * piety under Sif Muna
  5869 | D:6      | Found a hide-covered altar of Uskayaw.
  6024 | D:6      | Reached skill level 5 in Transmutations
  6676 | D:6      | Reached skill level 5 in Spellcasting
  6676 | D:6      | Reached XP level 9. HP: 53/54 MP: 2/16
  7356 | D:6      | Found a stormy altar of Qazlal.
  7437 | D:7      | Noticed Menkaure
  7447 | D:7      | Killed Menkaure
  7794 | D:7      | Reached skill level 5 in Invocations
  7915 | D:7      | Noticed Dowan
  7916 | D:7      | Noticed Duvessa
  7931 | D:7      | Killed Duvessa
  7938 | D:7      | Killed Dowan
  8163 | D:7      | Reached skill level 6 in Spellcasting
  8380 | D:7      | Learned a level 4 spell: Hailstorm
  8400 | D:7      | Noticed a komodo dragon
  8442 | D:7      | Killed a komodo dragon
  8442 | D:7      | Reached ** piety under Sif Muna
  8443 | D:7      | Reached skill level 1 in Conjurations
  8443 | D:7      | Reached skill level 1 in Ice Magic
  8703 | D:7      | Identified the +7 ring mail "Opliyha" {Dex+4}
  8752 | D:7      | Identified the +0 pair of boots "Huuzash" {rElec MP-9 Str+4
                  | Stlth+}
  8885 | D:8      | Found Pecs's Antique Weapon Shoppe.
  8962 | D:8      | Reached XP level 10. HP: 60/60 MP: 9/19
  9229 | D:8      | Noticed Grum
  9489 | D:8      | Noticed a cyclops
  9502 | D:8      | Killed a cyclops
  9503 | D:8      | Reached skill level 7 in Spellcasting
  9609 | D:8      | Found a staircase to the Lair.
  9841 | D:8      | Found a shimmering altar of Xom.
 10105 | D:8      | Killed Grum
 10233 | D:9      | Noticed a two-headed ogre
 10543 | D:9      | Gained mutation: You are clumsy. (Dex -2) [potion of
                  | mutation]
 10543 | D:9      | Gained mutation: You are covered in fur. (AC +1) [potion of
                  | mutation]
 10543 | D:9      | Gained mutation: You are dopey. (Int -2) [potion of
                  | mutation]
 10543 | D:9      | Gained mutation: You are partially covered in iridescent
                  | scales. (AC +2) [potion of mutation]
 10826 | D:9      | Killed a two-headed ogre
 11008 | D:9      | Identified the ring "Yfagrur" {rF+++ rC- rCorr Str-2 Dex+2}
 11008 | D:9      | Noticed an ogre mage
 11020 | D:10     | Entered Level 10 of the Dungeon
 11230 | D:10     | Reached skill level 8 in Spellcasting
 11269 | D:10     | Found a snail-covered altar of Cheibriados.
 12478 | D:11     | Reached XP level 11. HP: 64/64 MP: 23/23
 12543 | D:11     | Noticed a boulder beetle
 12571 | D:11     | Killed a boulder beetle
 12572 | D:11     | Reached skill level 9 in Spellcasting
 12764 | D:11     | Found a blossoming altar of Fedhas.
 12893 | D:11     | Noticed Fannar
 13229 | D:11     | Reached skill level 10 in Spellcasting
 13789 | D:9      | Killed from afar by an ogre mage

Illustrated notes

Levels and vault maps discovered:
D:1:      tarquinn_simple_flora_water_e, layout_loops_ring
D:2:      layout_loops_corners, serial_shops, nicolae_shop_hallway_plus,
          serial_glass, glass_columns_c, glass_columns_c,
          wander_ebering_terrifying_dragon_lair
D:3:      layout_loops_corners, gammafunk_ghost_split
D:4:      layout_rooms, minmay_temple_entry_trees, minmay_starry_boxes
D:5:      layout_basic, portal_sewer_entry_e
D:6:      layout_basic, pf_just_have_faith, nicolae_uskayaw_dance_studio
D:7:      layout_loops_cross, minmay_lizard_king, uniq_menkaure, uniq_duvessa
D:8:      layout_loops_ring, mainiacjoe_overflow_tiny_flanked,
          grunt_lair_entry_orc_guard_hut, serial_shops, shop_statue,
          minivault_23, kennysheep_diamond, uniq_grum
D:9:      nzn_winding_woodlands_cross [nzn_winding_woodlands_5x15_pool,
          nzn_winding_woodlands_5x15_twine, nzn_winding_woodlands_5x15_zeroes,
          nzn_winding_woodlands_5x15_pockets,
          nzn_winding_woodlands_15x15_eel_pit], layout_cave_pools,
          mainiacjoe_overflow_two_lobes, serial_column_ruins, column_ruins_hut,
          column_ruins_hut, column_ruins_grid_1, column_ruins_open_tiny,
          column_ruins_grid_1, column_ruins_columns_straight
D:10:     layout_basic, kennysheep_slug_shrine, minmay_misc_feat_plants,
          minivault_22
D:11:     layout_roguey, erik_orc_1, nicolae_trove_entry_crossroad,
          fedhas_bush_and_centaur_altar, uniq_fannar
Temple:   eino_temple_rhombus

Skill      XL: |  1  2  3  4  5  6  7  8  9 10 11 |
---------------+----------------------------------+-----
Stealth        | 3 4 5 6 |  6.1
Earth Magic    | 4 5 6 7 8 |  8.0
Spellcasting   | 3 4 5 6 8 10 | 10.0
Transmutations | 2 3 4 5 |  5.0
Short Blades   | 1 2 |  2.0
Fighting       | 1 2 |  2.0
Invocations    | 1 3 6 9 |  9.0
Conjurations   | 2 |  2.0
Ice Magic      | 2 |  2.0
Dodging        | |  2.0
Unarmed Combat | |  0.5

Action                   |  1- 3 |  4- 6 |  7- 9 | 10-12 || total
-------------------------+-------+-------+-------+-------++-------
Melee: Unarmed           |    21 |       |       |       ||    21
       Constrict         |    14 |     7 |    19 |     7 ||    47
       Tentacles         |     9 |     5 |    27 |    32 ||    73
       Dagger            |    28 |    42 |   101 |    81 ||   252
       Punch             |       |     1 |     2 |     4 ||     7
 Cast: Sandblast         |    26 |    17 |   113 |    48 ||   204
       Stone Arrow       |       |    12 |     5 |    27 ||    44
       Petrify           |       |     2 |    41 |    56 ||    99
       Hailstorm         |       |       |       |     9 ||     9
Invok: Channel Magic     |       |       |       |     1 ||     1
Evoke: Wand              |       |       |       |     2 ||     2
  Use: Scroll            |       |       |     6 |     4 ||    10
       Potion            |       |       |     1 |     8 ||     9
 Stab: Sleeping          |     9 |     7 |     2 |     1 ||    19
       Petrified         |       |     4 |    40 |    54 ||    98
       Distracted        |       |       |     1 |       ||     1
       Petrifying        |       |       |     2 |     4 ||     6
Armor: Skin              |     6 |     4 |     5 |     3 ||    18
Dodge: Dodged            |    37 |    27 |    68 |    46 ||   178
Block: Other             |       |       |       |    14 ||    14
       Reflection        |       |       |       |     2 ||     2
